 Dungeon Crawl Stone Soup version 0.30-a0-23-ge60ba3568b (webtiles) character file.

Game seed: 6459486962350356666

95 Pilot the Shield-Bearer (level 4, -2/45 HPs)
             Began as a Troll Fighter on Aug 25, 2022.
             Slain by Crazy Yiuf
             ... wielding a +2 quarterstaff of chaos
              (12 damage)
             ... while paralysed by Crazy Yiuf
             ... on level 3 of the Dungeon.
             The game lasted 00:13:51 (2210 turns).

Pilot the Shield-Bearer (Troll Fighter)             Turns: 2210, Time: 00:13:52

Health: -2/45      AC:  4    Str: 24    XL:     4   Next: 39%
Magic:  3/3        EV:  1    Int:  4    God:
Gold:   215        SH:  0    Dex: 11    Spells: 3/3 levels left

rFire   . . .      SeeInvis .    g - +0 mace
rCold   . . .      Faith    .    c - +0 kite shield
rNeg    . . .      Spirit   .    b - +0 robe
rPois   .          Reflect  .    (helmet restricted)
rElec   .          Harm     .    (no cloak)
rCorr   .          Rampage  .    (gloves unavailable)
Will    .....                    (boots unavailable)
Stlth   +.........               (no amulet)
HPRegen 0.95/turn                j - +4 ring of evasion
MPRegen 0.08/turn                (no ring)

@: paralysed, lethally poisoned (-2 -> -3)
A: large, unfitting armour, claws 3, regeneration 1, shaggy fur 1, tough skin 1
a: no special abilities


You were on level 3 of the Dungeon.
You visited 1 branch of the dungeon, and saw 4 of its levels.

You collected 215 gold pieces.

Inventory:

Hand Weapons
 a - a +0 flail
 g - a +0 mace (weapon)
 q - a +0 longbow
Missiles
 e - 3 boomerangs (quivered)
 h - 10 poisoned darts
Armour
 b - a +0 robe (worn)
 c - a +0 kite shield (worn)
 l - a +0 buckler
Magical Staves
 p - a staff of earth
Jewellery
 j - a +4 ring of evasion (left claw)
 y - a ring of wizardry
Wands
 o - a wand of flame (13)
 w - a wand of polymorph (4)
Scrolls
 f - a scroll of poison {unknown}
 i - 4 scrolls of identify {unknown}
 n - a scroll of immolation {unknown}
 s - a scroll of vulnerability {unknown}
 t - a scroll of amnesia {unknown}
 u - 2 scrolls of brand weapon {unknown}
 x - a scroll of enchant weapon {unknown}
Potions
 d - a potion of might
 k - a potion of cancellation {unknown}
 m - a potion of resistance {unknown}
 r - a potion of magic {unknown}
 v - a potion of attraction {unknown}


   Skills:
 + Level 3.1 Fighting
 - Level 1.7 Maces & Flails
 + Level 3.2 Dodging
 + Level 3.4 Shields


You had 3 spell levels left.
You didn't know any spells.
Your spell library contained the following spells:

 Spells                   Type           Power      Damage    Failure   Level
 Magic Dart               Conj           0%         1d3       80%         1
 Blink                    Tloc           0%         N/A       90%         2
 Call Imp                 Summ           0%         N/A       90%         2
 Lesser Beckoning         Tloc           0%         N/A       99%         3
 Mephitic Cloud           Conj/Pois/Air  0%         N/A       99%         3
 Manifold Assault         Tloc           0%         N/A       100%        5


Dungeon Overview and Level Annotations

Branches:
Dungeon (4/15)
 Temple: D:4-7

Altars:
Xom

Annotations:
D:3 2 runed translucent doors, Crazy Yiuf


Innate Abilities, Weirdness & Mutations

You are too large for most types of armour.
You have claws for hands.
Your natural rate of healing is unusually fast.
You are covered in fur. (AC +1)
You have tough skin. (AC +1)


Message History

A ball python comes into view.
Found a spear.
The ball python moves out of view.
You hit the ball python.
You kill the ball python!
Found a hammer.
Found a runed translucent door.
y - a ring of wizardry A ball python comes into view.
The ball python hisses angrily.
The ball python barely misses you.
You thump the ball python!
You kill the ball python!
There is an escape hatch in the ceiling here.
Crazy Yiuf shouts!
Crazy Yiuf grits, "Pitchfork!
Hack agre koolooloo."
Crazy Yiuf yells, "Shower!"
You open the door. You hit Crazy Yiuf but do no damage.
You block Crazy Yiuf's attack.
You closely miss Crazy Yiuf.
Crazy Yiuf screams, "Tosser!"
Crazy Yiuf closely misses you.
Crazy Yiuf hits you with a +2 quarterstaff of chaos.
You are poisoned.
You sock Crazy Yiuf!
Crazy Yiuf is heavily wounded.
You feel very sick.
Crazy Yiuf laughs, "Orb broken hog!"
Crazy Yiuf barely misses you.
You closely miss Crazy Yiuf.
Crazy Yiuf is heavily wounded.
You feel sick. Crazy Yiuf barely misses you.
Crazy Yiuf hits you with a +2 quarterstaff of chaos!
You suddenly lose the ability to move!
You feel sick.
Crazy Yiuf hits you with a +2 quarterstaff of chaos!
You feel sick.
Crazy Yiuf hits you with a +2 quarterstaff of chaos!
* * * LOW HITPOINT WARNING * * *
You feel sick.
Crazy Yiuf hits you with a +2 quarterstaff of chaos!
You die...

.................................
###############################.#
#.# ##### #.# ....######
#######.# .........#
♣♣♣♣♣##.......# .........# ###
♣♣♣.♣.........### .........#
#...#♣..♣............# .........#
#...g@♣♣♣♣...........# .........#
#)..#♣♣ ♣♣..........# .........#
### ♣♣##.......# ........<#
#.......# .........# #.......#
.........### ### ##.......>
...........# #.####.#...#...
#'##.......########......#.#.#.#.
#.#####'#..................#.#...


You could see Crazy Yiuf.

Vanquished Creatures
  3 adders
  3 dart slugs
  2 bats
  6 endoplasms
  5 giant cockroaches
  7 hobgoblins
  3 jackals (D:3)
  A quokka (D:1)
  6 ball pythons
  7 frilled lizards
  3 goblins
  9 kobolds
  5 rats
60 creatures vanquished.

Vanquished Creatures (others)
  7 plants (D:3)
7 creatures vanquished.

Grand Total: 67 creatures vanquished

Notes
Turn   | Place    | Note
-------+----------+-------------------------------------------
     0 | D:1      | Pilot the Troll Fighter began the quest for the Orb.
     0 | D:1      | Reached XP level 1. HP: 22/22 MP: 0/0
   246 | D:1      | Reached XP level 2. HP: 28/29 MP: 1/1
   689 | D:2      | Reached XP level 3. HP: 28/36 MP: 2/2
   715 | D:2      | Found a shimmering altar of Xom.
  1335 | D:3      | Found a faded altar of an unknown god.
  1412 | D:3      | Found a large runed translucent door.
  1412 | D:3      | Found a large runed translucent door.
  1688 | D:3      | Reached XP level 4. HP: 45/45 MP: 3/3
  2053 | D:3      | Found a runed translucent door.
  2054 | D:3      | Noticed Crazy Yiuf
  2207 | D:3      | Paralysed by Crazy Yiuf for 4 turns
  2210 | D:3      | Slain by Crazy Yiuf

Illustrated notes

Levels and vault maps discovered:
D:1:      nagdon_arrival_double_spiral, layout_basic, minmay_cupped
D:2:      layout_loops_ring, basic_altar, minmay_fractal_squares_5
D:3:      layout_basic, jmf_multi_god_temple2,
          shapermc_ecumenical_altar_starsandcircs, lexackson_kobold_supper,
          uniq_crazy_yiuf_cottage
D:4:      layout_basic, nicolae_dithmenos_through_a_glass_darkly,
          minmay_temple_entry_mist, biasface_ghost_orc_armoury

Skill      XL: |  1  2  3 |
---------------+----------+-----
Shields        | 3 |  3.4
Dodging        | 3 |  3.2
Fighting       | 3 |  3.1
Maces & Flails | |  1.7

Action                   |  1- 3 |  4- 6 || total
-------------------------+-------+-------++-------
Melee: Mace              |   141 |    56 ||   197
       Flail             |     5 |       ||     5
Throw: Boomerang         |       |     2 ||     2
 Stab: Sleeping          |     1 |       ||     1
Armor: Robe              |    49 |     9 ||    58
Dodge: Dodged            |   104 |    26 ||   130
Block: Kite shield       |    69 |    20 ||    89

Table legend: (Time is in decaauts)
 A = Elapsed time spent in this place.
 B = Non-inter-level travel time spent in this place.
 C = Inter-level travel time spent in this place.
 D = Time resting spent in this place.
 E = Time spent auto-exploring this place.
 F = Levels seen in this place.
 G = Mean time per level.
                   A        B        C        D        E       F      G
               +--------+--------+--------+--------+--------+-----+--------+
         Total |   2302 |    625 |   1677 |      0 |     47 |   4 |  575.5 |
       Dungeon |   2302 |    625 |   1677 |      0 |     47 |   4 |  575.5 |
               +--------+--------+--------+--------+--------+-----+--------+

Top non-repeatable levels by time:
     D:3: 945 daAuts
     D:2: 732 daAuts
     D:1: 607 daAuts
     D:4: 16 daAuts
